 Dungeon Crawl Stone Soup version 0.26.1-11-gd32895ea62 (webtiles) character file.

Game seed: 5507832713518599937

55 dtburroughs the Skirmisher (level 3, 0/33 HPs)
             Began as a Minotaur Berserker on May 7, 2021.
             Was a Follower of Trog.
             Slain by a bullfrog (5 damage)
             ... on level 2 of the Dungeon.
             The game lasted 00:02:18 (969 turns).

dtburroughs the Skirmisher (Minotaur Berserker)      Turns: 969, Time: 00:02:19

Health: 0/33       AC:  9    Str: 21    XL:     3   Next: 67%
Magic:  2/2        EV:  8    Int:  5    God:    Trog [*.....]
Gold:   79         SH:  0    Dex:  9    Spells: 2/2 levels left

rFire    . . .     SeeInvis .   a - +0 hand axe
rCold    . . .     Faith    .   (no shield)
rNeg     . . .     Spirit   .   e - +0 chain mail
rPois    .         Reflect  .   (helmet restricted)
rElec    .         Harm     .   (no cloak)
rCorr    .         Rampage  .   (no gloves)
Will     .....                  (no boots)
Stlth    ..........             (no amulet)
HPRegen  0.11/turn              (no ring)
MPRegen  0.08/turn              (no ring)

@: berserk cooldown, slowed, very slow
A: retaliatory headbutt, horns 2
a: Renounce Religion, Berserk


You were on level 2 of the Dungeon.
You worshipped Trog.
Trog was aware of your devotion.
You visited 1 branch of the dungeon, and saw 2 of its levels.

You collected 79 gold pieces.

Inventory:

Hand Weapons
 a - a +0 hand axe (weapon)
Armour
 e - a +0 chain mail (worn)
Jewellery
 c - an uncursed amulet of magic regeneration {unknown}
Scrolls
 b - 2 scrolls of remove curse {unknown}
 d - a scroll of immolation {unknown}
 f - 2 scrolls of identify {unknown}
 g - a scroll of teleportation {unknown}
 j - a scroll of random uselessness {unknown}
Potions
 h - a potion of brilliance {unknown}
 i - a potion of curing {unknown}
 k - a potion of berserk rage {unknown}
 l - a potion of heal wounds {unknown}


   Skills:
 + Level 4.2 Fighting
 + Level 4.2 Axes
 + Level 3.2 Armour
 + Level 2.9 Dodging


You had 2 spell levels left.
You didn't know any spells.
Your spell library was empty.

Dungeon Overview and Level Annotations

Branches:
Dungeon (2/15)

Altars:


Innate Abilities, Weirdness & Mutations

You reflexively headbutt those who attack you in melee.
You have a pair of horns on your head.


Message History

You are exhausted.
You feel yourself slow down.
There is a stone staircase leading down here.
The kobold hits you but does no damage. The kobold hits you but does no damage.
The kobold hits you but does no damage. The kobold barely misses you.
You furiously retaliate!
You headbutt the kobold, but do no damage.
The kobold hits you but does no damage. The bullfrog barely misses you.
The bullfrog closely misses you. You furiously retaliate!
You headbutt the bullfrog. The kobold barely misses you. The bullfrog hits you.
* * * LOW HITPOINT WARNING * * *
The bullfrog hits you.
* * * LOW HITPOINT WARNING * * *
The bullfrog hits you but does no damage.
The bullfrog barely misses you.
There is a stone staircase leading up here.
The bullfrog hits you.
You die...

######### #####
#........ ...#
####.######
#.#####.........#
#@F{Kogo...####>#
#.##K...####
##.## ...##..###
#.K.. ##...#..#
#.### .......#
#K# .#...#.## #F#
##.#.##.# #g#
#...... #)# #.#


You could see a bullfrog, 2 orcs, a hobgoblin and 2 kobolds.

Vanquished Creatures
  An orc wizard (D:2)
  A dart slug (D:1)
  An orc (D:2)
  4 bats
  3 goblins (D:1)
  4 hobgoblins
  2 jackals (D:2)
  A kobold (D:1)
  3 frilled lizards
  3 rats (D:1)
23 creatures vanquished.

Notes
Turn   | Place    | Note
-------+----------+-------------------------------------------
     0 | D:1      | dtburroughs the Minotaur Berserker began the quest for the
                  | Orb.
     0 | D:1      | Reached XP level 1. HP: 19/19 MP: 0/0
   218 | D:1      | Reached XP level 2. HP: 25/27 MP: 1/1
   940 | D:2      | Noticed a bullfrog
   948 | D:2      | Reached XP level 3. HP: 6/33 MP: 2/2
   969 | D:2      | Slain by a bullfrog

Illustrated notes

Levels and vault maps discovered:
D:1:      sevenhm_arrival_forest_fort_small_3, layout_loops_cross, fountainhead,
          kennysheep_minor_cross
D:2:      layout_loops_ring, general_overflow_altar,
          nicolae_overflow_hidden_temple, uniq_terence

Skill      XL: |  1  2 |
---------------+-------+-----
Fighting       | 4 |  4.2
Axes           | 4 |  4.2
Armour         | 3 |  3.2
Dodging        | |  2.9

Action                   || total
-------------------------++-------
Melee: Hand axe          ||    53
       Headbutt          ||     4
Invok: Berserk           ||     1
Armor: Animal skin       ||     9
       Chain mail        ||    37
Dodge: Dodged            ||    38
